Map: Ley Lines

Players

ManlyManMeat - Winner!

  • Race: Terran Terran
  • Spawn Location: 7:00

Yashinaki

  • Race: Terran Terran
  • League: Master
  • Spawn Location: 1:00

VOD

Have the link to the VOD?

Description

Time

  • Played on: May 16, 2025, 7:25 a.m.
  • Length: 17:20
Show
View Real Time Build Order
Export as new Build Order

ManlyManMeat Terran - Winner!

Build Orders:  

Get SALT Encoding   

  12  0:01  SCV  
  13  0:14  SCV  
  14  0:19  Supply Depot  
  14  0:26  SCV  
  15  0:40  SCV  
  15  0:42  Barracks  
  16  0:52  SCV  
  17  1:04  SCV  
  17  1:07  Refinery  
  18  1:17  SCV  
  19  1:29  Command Center  
  19  1:32  Supply Depot  
  19  1:35  Marine  
  20  1:48  SCV  
  20  1:49  Refinery  
  20  1:53  Marine  
  22  2:00  SCV  
  23  2:10  Bunker  
  23  2:19  Barracks Reactor  
  23  2:21  Orbital Command  
  23  2:42  Barracks  
  23  2:43  Orbital Command  
  23  3:01  SCV  
  23  3:02  Factory  
  24  3:09  SCV  
  25  3:13  SCV  
  25  3:14  Marine x2  
  28  3:21  SCV  
  28  3:26  SCV  
  30  3:28  Barracks  
  30  3:33  SCV  
  31  3:38  SCV  
  32  3:44  Refinery  
  32  3:45  SCV  
  32  3:47  Factory Tech Lab  
  32  3:48  Marine x2  
  34  3:50  SCV  
  36  3:57  SCV  
  37  4:04  Armory, Starport  
  37  4:28  Siege Tank  
  37  4:29  Marine x2  
  42  4:32  Barracks Tech Lab  
  42  4:41  Engineering Bay  
  42  4:44  Engineering Bay  
  42  4:49  Starport Reactor  
  42  4:51  Barracks Reactor  
  42  4:54  Terran Vehicle Weapons Level 1  
  42  5:08  Missile Turret  
  42  5:09  Missile Turret  
  42  5:10  SCV  
  42  5:13  SCV  
  44  5:15  Stimpack  
  44  5:18  Terran Infantry Weapons Level 1, Terran Infantry Armor Level 1  
  44  5:22  SCV  
  44  5:25  SCV  
  44  5:28  Supply Depot x2  
  46  5:49  SCV x2, Siege Tank  
  51  5:50  Medivac x2  
  51  5:55  Supply Depot  
  55  5:58  Supply Depot  
  55  5:59  Marine x2  
  55  6:00  Marine x2  
  55  6:02  SCV x2  
  61  6:14  SCV  
  61  6:16  SCV  
  61  6:17  Marauder  
  64  6:24  Supply Depot  
  54  6:47  Viking x2  
  54  6:51  Marine x5  
  54  6:54  Siege Tank  
  65  7:08  SCV x2  
  64  7:24  SCV x2  
  64  7:27  Marine x3  
  64  7:28  Marine  
  70  7:34  Command Center  
  70  7:36  SCV x2  
  72  7:53  Hellion  
  79  8:00  Viking x2  
  79  8:02  Marine x5  
  83  8:06  Supply Depot  
  83  8:15  Hellion  
  83  8:17  Refinery  
  85  8:30  Supply Depot  
  85  8:35  Supply Depot, Marine  
  85  8:36  Marine x4  
  90  8:46  Barracks x2  
  90  8:48  Barracks  
  90  8:50  Siege Tank  
  90  8:52  Barracks  
  90  8:54  Supply Depot  
  90  8:55  Starport  
  93  8:59  Supply Depot  
  93  9:04  Fusion Core  
  93  9:06  SCV  
  94  9:18  SCV  
  95  9:31  Marine x4  
  95  9:35  Barracks  
  99  9:45  Terran Infantry Weapons Level 2  
  99  9:48  Starport Tech Lab  
  99  9:50  Starport Tech Lab  
  99  9:54  SCV x2  
  101  10:04  Marine x3  
  101  10:05  Marine  
  101  10:06  SCV  
  106  10:07  Terran Infantry Armor Level 2  
  106  10:13  Orbital Command  
  106  10:32  Barracks Reactor  
  106  10:33  Barracks Reactor, Barracks Tech Lab  
  106  10:34  Command Center, Barracks Tech Lab  
  106  10:35  Missile Turret  
  106  10:38  Bunker, Marine x2  
  106  10:40  Missile Turret  
  106  10:41  Siege Tank  
  111  10:48  Raven  
  113  11:02  Marine x4  
  113  11:03  Marine x2  
  119  11:10  Combat Shield  
  119  11:14  Marine x3  
  119  11:15  Marine x2  
  119  11:17  Supply Depot  
  124  11:20  Supply Depot  
  124  11:26  Orbital Command  
  124  11:39  Terran Vehicle Weapons Level 2  
  124  11:42  SCV x2  
  126  11:52  Planetary Fortress  
  126  11:54  SCV x2  
  128  12:01  Hi-Sec Auto Tracking  
  128  12:06  SCV  
  129  12:17  Marine x2  
  129  12:18  Marine x6  
  129  12:21  Siege Tank  
  142  12:29  Supply Depot  
  140  12:31  Supply Depot  
  140  12:36  Terran Infantry Weapons Level 3  
  140  12:53  Marine  
  140  12:54  Marine x6  
  140  12:55  Marine x2, Refinery  
  149  12:58  Terran Infantry Armor Level 3  
  149  13:05  Refinery  
  149  13:16  Marine  
  149  13:17  Marine x6  
  149  13:18  Marine  
  157  13:36  SCV x3  
  160  13:42  Marine x2  
  160  13:43  Marine x3  
  160  13:45  Siege Tank  
  168  13:48  SCV  
  168  13:49  Marine x3  
  168  13:52  Viking  
  174  14:20  Siege Tank  
  174  14:21  Marine x6  
  174  14:22  Marine x2  
  187  14:25  Viking  
  187  14:31  Armory  
  187  14:36  Missile Turret  
  187  14:45  Missile Turret  
  187  14:48  Missile Turret  
  187  14:51  Missile Turret  
  187  14:53  Concussive Shells  
  187  14:54  Missile Turret  
  187  14:55  Viking  
  187  14:57  Marine x4  
  187  14:58  Marine x2  
  195  15:06  Missile Turret  
  195  15:13  Neosteel Armor  
  195  15:27  Marine x3  
  195  15:28  Marine  
  199  15:43  Marine  
  200  16:26  Command Center  
  200  16:27  Command Center  
  200  16:32  Command Center  
  200  16:35  Command Center  
  173  16:51  Marine x9  
  173  16:52  Marine x2  
Show
View Real Time Build Order
Export as new Build Order

Yashinaki Terran 

Build Orders:  

Get SALT Encoding   

  12  0:08  SCV  
  13  0:20  SCV  
  14  0:30  Supply Depot  
  14  0:39  SCV  
  15  0:42  Supply Depot  
  15  0:51  SCV  
  15  0:54  Barracks  
  16  1:03  SCV  
  17  1:07  Supply Depot  
  17  1:11  Refinery  
  17  1:15  Refinery  
  17  1:16  SCV  
  19  1:40  SCV  
  19  1:42  Engineering Bay  
  19  1:52  SCV  
  20  1:54  Marine  
  21  2:04  SCV  
  22  2:12  Marine  
  22  2:15  Factory  
  23  2:30  Marine  
  24  2:48  Reaper  
  25  2:57  SCV  
  26  2:58  Command Center  
  26  3:00  Factory Tech Lab  
  26  3:06  Starport  
  26  3:10  SCV  
  27  3:34  Siege Tank  
  30  3:48  Starport Reactor  
  30  3:49  Missile Turret  
  30  3:52  Orbital Command  
  30  4:12  Missile Turret  
  29  4:35  Missile Turret, Liberator x2  
  35  4:47  SCV  
  35  4:51  Refinery  
  35  4:52  Marine  
  37  4:56  Starport  
  37  4:59  Widow Mine, SCV  
  40  5:09  Marine  
  40  5:11  SCV  
  42  5:18  Viking x2  
  46  5:23  SCV  
  46  5:27  Marine  
  48  5:35  SCV  
  48  5:39  Fusion Core  
  48  5:41  Starport Tech Lab  
  49  5:45  Marine  
  49  5:48  SCV  
  51  6:00  SCV  
  52  6:12  SCV  
  53  7:02  Refinery  
  53  7:06  Viking x2, Orbital Command, Siege Tank  
  54  7:36  Viking x2  
  58  7:37  Viking  
  60  8:05  Armory  
  60  8:06  Viking  
  62  8:18  Starport  
  62  8:52  Armory  
  62  8:56  Starport  
  62  9:19  Viking x2, Siege Tank  
  62  9:20  Viking  
  71  9:27  Marine  
  72  9:45  Marine  
  73  9:49  Viking x2  
  77  9:57  Missile Turret  
  77  9:59  Missile Turret x2  
  77  10:02  Supply Depot  
  77  10:03  Marine  
  78  10:10  Starport Tech Lab x2  
  78  10:20  Missile Turret, Refinery  
  78  10:21  Command Center  
  78  10:23  Marine  
  78  10:24  Widow Mine, Supply Depot  
  81  10:35  Terran Vehicle And Ship Armor Level 1  
  81  10:36  Terran Ship Weapons Level 1  
  81  10:41  Marine  
  82  10:43  Refinery  
  82  10:45  Widow Mine  
  82  10:48  Supply Depot  
  84  11:07  Widow Mine  
  84  11:10  Supply Depot, Marine  
  87  11:18  Missile Turret  
  87  11:28  Widow Mine, Marine  
  90  11:39  Missile Turret  
  90  11:43  Missile Turret  
  90  11:46  Marine  
  91  11:49  Widow Mine  
  91  11:53  Factory  
  93  12:00  Missile Turret  
  93  12:04  Marine  
  93  12:06  Missile Turret  
  94  12:10  Siege Tank  
  97  12:21  Marine  
  98  12:28  Missile Turret  
  98  12:30  Terran Vehicle Weapons Level 1  
  98  12:32  Terran Vehicle And Ship Armor Level 2  
  98  12:34  Missile Turret  
  98  12:39  Battlecruiser  
  98  12:43  Siege Tank  
  107  12:44  Factory  
  107  12:51  Missile Turret  
  107  12:52  Factory Tech Lab  
  107  13:15  Siege Tank  
  107  13:19  Hi-Sec Auto Tracking  
  110  13:52  Factory Tech Lab  
  110  14:17  Hellion  
  110  14:18  Hellion x2  
  110  14:23  Terran Ship Weapons Level 2  
  116  14:39  Hellion x3  
  116  14:42  Weapon Refit  
  122  14:58  Supply Depot  
  122  15:00  Hellion  
  122  15:03  Supply Depot, Battlecruiser x2, Hellion  
  122  15:04  Hellion  
  130  15:22  Hellion  
  130  15:25  Hellion x2  
  136  15:43  Hellion  
  136  15:46  Hellion x2  
  142  16:04  Hellion  
  142  16:07  Hellion  
  142  16:08  Hellion  
  145  16:26  Hellion  
  145  16:29  Hellion, Siege Tank  
  94  16:47  Siege Tank  
Tags
 
League
Master
Matchup
TvT
Race
Terran
Spawn Locations
Cross Positions
Add a new tag
Caveats
  • Supply blocks, unpowered buildings, or Contaminate may cause inaccurate times.
  • Supply counts are checked every 10 seconds.